 Dungeon Crawl Stone Soup version 0.17-a0-227-gf5308cc (webtiles) character file.

9081 Ngotmuk the Corrupter of Planes (level 11, -2/129 HPs)
             Began as a Demonspawn Abyssal Knight on Mar 29, 2015.
             Was the Champion of Lugonu.
             Slain by a raven (5 damage)
             ... led by a tengu warrior
             ... on level 12 of the Dungeon.
             The game lasted 00:37:07 (12284 turns).

Ngotmuk the Corrupter of Planes (DsAK)             Turns: 12284, Time: 00:37:07

Health: -2/129     AC: 26    Str: 21    XL:     11   Next: 18%
Magic:  0/25       EV:  5    Int: 20    God:    Lugonu [******]
Gold:   582        SH: 16    Dex:  9    Spells: 0 memorised, 10 levels left

rFire  . . .     SeeInvis +     F - +3 flail (protect)
rCold  + . .     Clarity  +     f - +0 chain mail
rNeg   . . .     SustAb   .     p - +1 large shield
rPois  .         Gourm    .     (helmet restricted)
rElec  .         Spirit   +     s - +0 cloak of Deelegaj {Int+7}
rCorr  .         Warding  .     (gloves unavailable)
rMut   .         Stasis   .     g - +1 pair of boots {run}
MR     .....                    E - amulet of clarity
Stlth  ..........               d - ring of see invisible
                                (no ring)

@: mighty, berserking, very quick, not resistant to hostile enchantments,
extremely unstealthy
A: antennae 1, claws 3, rough black scales 2, clumsy 1, cold resistance 1,
deterioration 1, regeneration 1, magic shield, freezing cloud immunity
a: Depart the Abyss, Bend Space, Banish, Corrupt, Enter the Abyss, Renounce
Religion


You were on level 12 of the Dungeon.
You worshipped Lugonu.
Lugonu was exalted by your worship.
You were not hungry.

You visited 1 branch of the dungeon, and saw 12 of its levels.
You visited the Abyss 1 time.

You collected 582 gold pieces.

Inventory:

Hand weapons
 F - a +3 flail of protection (weapon)
Armour
 f - a +0 chain mail (worn)
 g - a +1 pair of boots of running (worn)
 o - a storm dragon hide
 p - a +1 large shield (worn)
 r - a +0 pair of gloves
 s - the +0 cloak of Deelegaj (worn) {Int+7}
   (You found it on level 7 of the Dungeon)

   It affects your intelligence (+7).
Jewellery
 d - a ring of see invisible (right claw)
 y - an uncursed ring of stealth
 z - an uncursed ring of flight
 E - an amulet of clarity (around neck)
Scrolls
 b - 3 scrolls of magic mapping
 c - a scroll of recharging
 h - 8 scrolls of remove curse
 i - 2 scrolls of teleportation
 j - a scroll of amnesia
 n - a scroll of immolation
 u - a scroll of enchant armour
Potions
 k - a potion of might
 l - a potion of flight
 m - a potion of magic
 q - 3 potions of brilliance
 v - 2 potions of curing
 w - a potion of ambrosia
 x - a potion of haste
 A - a potion of agility
Books
 D - a book of the Dragon

   Spells                             Type                      Level
   a - Flight                         Charms/Air                   3
   b - Cause Fear                     Hexes                        4
   c - Bolt of Fire                   Conjuration/Fire             6
   d - Dragon Form                    Transmutation                7
   e - Dragon's Call                  Summoning                    9
Comestibles
 a - a beef jerky
 B - 7 meat rations
 C - 5 bread rations


   Skills:
 + Level 8.3 Fighting
 + Level 6.9 Maces & Flails
 + Level 7.3 Armour
 - Level 4.0 Dodging
 + Level 6.5 Shields
 + Level 10.6 Invocations


You had 10 spell levels left.
You didn't know any spells.

Dungeon Overview and Level Annotations

Branches:
Dungeon (12/15)              Lair (0/8) D:9
 Temple: D:4-7          Orc: D:9-12

Altars:
Ashenzari
Fedhas
Okawaru
Sif Muna
Trog
Xom
The Shining One

Shops:
D:4 (   D:6 *


Innate Abilities, Weirdness & Mutations

You have claws for hands.
You are mostly covered in rough black scales (AC +7, Dex -2).
Your flesh is cold resistant.
When hurt, damage is shared between your health and your magic reserves.
You are immune to freezing clouds.
You have a pair of small antennae on your head.
You are clumsy. (Dex -2)
Your body is slowly deteriorating.
Your natural rate of healing is unusually fast.


Message History

You closely miss the tengu warrior.
The tengu warrior is lightly wounded.
You block the raven's attack. The raven claws you but does no damage.
The raven pecks you but does no damage. You block the raven's attack.
The tengu warrior hits you with a war axe.
* * * LOW HITPOINT WARNING * * *
The tengu warrior pecks you but does no damage.
You block the tengu warrior's attack. The raven completely misses you.
The raven claws you.
* * * LOW HITPOINT WARNING * * *
You miss the tengu warrior.
The tengu warrior is lightly wounded.
You block the raven's attack. x3
The raven barely misses you. You block the wight's attack.
The raven pecks you but does no damage. The raven claws you but does no damage.
You miss the tengu warrior.
The tengu warrior is lightly wounded.
You block the raven's attack. x2
The raven pecks you!
You die...

... .... ... .
####.. #.. ..
#..#.. .....
...#..#.##...
........#..
.......b..#.#....
#....b@....#
##...zQ........
#..............
#...#...#......
#.$ .........#. #
..........#
.....## ... ....
.. .


You could see a tengu warrior, 2 ravens and a wight.

Vanquished Creatures
  Erica (D:10)
  2 hill giants (D:10)
  A fire drake (D:9)
  A troll (D:10)
  A two-headed ogre (D:11)
  Grinder (D:3)
  Prince Ribbit (D:8)
  The ghost of Pikaro the Cutter, an average OpAs (D:4)
  A spriggan (D:7)
  A wyvern (D:8)
  11 yaks
  A steam dragon (D:8)
  3 hippogriffs
  A water moccasin (D:6)
  Menkaure (D:5)
  2 orc warriors
  4 ogres
  4 ice beasts
  A phantom (D:4)
  2 centaurs
  Sigmund (D:2)
  3 giant frogs
  A big kobold (D:9)
  3 scorpions
  10 killer bees
  11 wights
  A centaur zombie (D:6)
  A crimson imp (D:7)
  A giant frog skeleton (D:11)
  4 hounds
  3 iguanas
  4 jellies
  An orc priest (D:9)
  8 orc wizards
  Natasha (thrice) (D:2)
  6 worker ants
  Ijyb (D:3)
  Jessica (D:3)
  A mummy (D:9)
  A worker ant zombie (D:8)
  14 adders
  2 giant mites
  3 shadow imps
  2 worms
  2 adder zombies
  7 giant geckos
  An ooze (D:1)
  19 orcs
  9 giant cockroaches
  17 hobgoblins
  11 jackals
  20 kobolds
  3 quokkas
  A ball python (D:2)
  20 bats
  A giant gecko skeleton (D:4)
  A giant gecko zombie (D:5)
  9 giant newts
  15 goblins
  8 rats
  16 ballistomycetes
287 creatures vanquished.

Vanquished Creatures (others)
  A quasit (D:10)
  3 giant spores
  A rat (D:7)
5 creatures vanquished.

Grand Total: 292 creatures vanquished

Notes
Turn   | Place    | Note
--------------------------------------------------------------
     0 | Abyss:1  | Ngotmuk, the Demonspawn Abyssal Knight, began the quest for the Orb.
     0 | Abyss:1  | Reached XP level 1. HP: 18/18 MP: 1/1
     8 | D:1      | Escaped the Abyss
    19 | D:1      | Reached skill level 1 in Dodging
   190 | D:1      | Gained mutation: Your flesh is cold resistant. [demonic ancestry]
   190 | D:1      | Reached XP level 2. HP: 21/24 MP: 2/2
   335 | D:1      | Acquired Lugonu's second power
   736 | D:1      | Gained mutation: When hurt, damage is shared between your health and your magic reserves. [demonic ancestry]
   736 | D:1      | Reached XP level 3. HP: 29/29 MP: 4/4
  1368 | D:2      | Acquired Lugonu's third power
  1437 | D:2      | Noticed Sigmund
  1652 | D:2      | Gained mutation: You are partially covered in rough black scales (AC +4, Dex -1). [demonic ancestry]
  1652 | D:2      | Reached XP level 4. HP: 30/35 MP: 6/6
  1902 | D:3      | Noticed Ijyb
  1929 | D:3      | Killed Ijyb
  2279 | D:3      | Noticed Natasha
  2284 | D:3      | Noticed Grinder
  2313 | D:2      | Killed Natasha
  2313 | D:2      | Gained mutation: You are mostly covered in rough black scales (AC +7, Dex -2). [demonic ancestry]
  2313 | D:2      | Reached XP level 5. HP: 5/41 MP: 2/8
  2624 | D:3      | Paralysed by Grinder for 3 turns
  2634 | D:3      | Paralysed by Grinder for 6 turns
  3000 | D:3      | Noticed Jessica
  3150 | D:4      | Noticed Pikaro's ghost (average OpAs)
  3170 | D:3      | Killed Jessica
  3303 | D:4      | Got a translucent war axe
  3307 | D:4      | Identified the cursed +1 war axe of Dishonesty {freeze, rPois rN+ MR+++ Dex-3} (You found it on level 4 of the Dungeon)
  3314 | D:4      | Found Seevva's Weapon Boutique.
  3364 | D:4      | Acquired Lugonu's fourth power
  3500 | D:5      | Entered Level 5 of the Dungeon
  3642 | D:5      | Found a shattered altar of Ashenzari.
  3642 | D:5      | Found a bloodstained altar of Trog.
  3643 | D:5      | Found an iron altar of Okawaru.
  3653 | D:5      | Found a blossoming altar of Fedhas.
  3827 | D:5      | Reached skill level 4 in Invocations
  4053 | D:5      | Noticed Menkaure
  4120 | D:4      | Gained mutation: You are immune to freezing clouds. [demonic ancestry]
  4120 | D:4      | Reached XP level 6. HP: 42/48 MP: 10/10
  4425 | D:3      | Found a glowing golden altar of the Shining One.
  4649 | D:3      | Killed Grinder
  4649 | D:3      | Reached skill level 1 in Shields
  4772 | D:2      | Noticed Natasha
  4784 | D:2      | Killed Natasha
  4946 | D:2      | Noticed Natasha
  4960 | D:2      | Killed Natasha
  4960 | D:2      | Reached XP level 7. HP: 25/54 MP: 5/13
  5477 | D:6      | Found a shimmering altar of Xom.
  5542 | D:6      | Reached skill level 5 in Invocations
  5546 | D:6      | HP: 2/55 [poisoned by a water moccasin]
  5551 | D:6      | HP: 2/82 [poisoned by a water moccasin]
  5556 | D:6      | HP: 1/82 [poisoned by a water moccasin]
  5852 | D:6      | Found Lefremp's Luxury Loot.
  5909 | D:6      | Acquired Lugonu's fifth power
  6189 | D:5      | Noticed a centaur
  6199 | D:5      | Killed a centaur
  6356 | D:5      | Killed Menkaure
  6356 | D:5      | Reached XP level 8. HP: 23/61 MP: 5/16
  6581 | D:2      | Killed Sigmund
  6643 | D:4      | Killed Pikaro's ghost
  6643 | D:4      | Reached skill level 5 in Fighting
  6643 | D:4      | Reached skill level 6 in Invocations
  7759 | D:7      | Got a faintly glowing cloak
  7765 | D:7      | Identified the +0 cloak of Deelegaj {Int+7} (You found it on level 7 of the Dungeon)
  7927 | D:7      | Identified a scroll of acquirement
  7934 | D:7      | Identified a +0 pair of boots of running (You acquired it on level 7 of the Dungeon)
  8018 | D:7      | Reached skill level 7 in Invocations
  8249 | D:8      | Noticed Prince Ribbit
  8256 | D:8      | Gained mutation: You have sharp fingernails. [demonic ancestry]
  8256 | D:8      | Reached XP level 9. HP: 69/69 MP: 19/19
  8280 | D:8      | Killed Prince Ribbit
  8355 | D:8      | Reached skill level 5 in Armour
  8391 | D:8      | Reached skill level 5 in Maces & Flails
  9225 | D:8      | Reached skill level 8 in Invocations
  9492 | D:8      | Reached skill level 5 in Shields
  9511 | D:9      | Gained mutation: You have a pair of small antennae on your head. [potion of mutation]
  9511 | D:9      | Gained mutation: Your natural rate of healing is unusually fast. [potion of mutation]
  9511 | D:9      | Gained mutation: Your body is slowly deteriorating. [potion of mutation]
  9512 | D:9      | Gained mutation: You are clumsy. (Dex -2) [potion of mutation]
  9586 | D:9      | Gained mutation: You have very sharp fingernails. [demonic ancestry]
  9586 | D:9      | Reached XP level 10. HP: 69/77 MP: 18/22
  9742 | D:9      | Identified a +1 pair of boots of running (You found it on level 9 of the Dungeon)
 10032 | D:9      | Found a staircase to the Lair.
 10033 | D:9      | Noticed a fire drake
 10050 | D:9      | Killed a fire drake
 10050 | D:9      | Reached skill level 9 in Invocations
 10502 | D:10     | Entered Level 10 of the Dungeon
 10752 | D:10     | Noticed a hill giant
 10944 | D:10     | Killed a hill giant
 11080 | D:10     | Noticed Erica
 11110 | D:11     | Noticed a hill giant
 11145 | D:10     | Killed Erica
 11145 | D:10     | Reached skill level 10 in Invocations
 11159 | D:10     | Noticed a hill giant
 11232 | D:10     | Noticed a hill giant
 11525 | D:10     | Identified the Handbook of Unstable Stones
 11690 | D:10     | Gained mutation: You have claws for hands. [demonic ancestry]
 11690 | D:10     | Reached XP level 11. HP: 76/86 MP: 23/25
 11826 | D:10     | Found a deep blue altar of Sif Muna.
 11944 | D:10     | Killed a hill giant
 12247 | D:11     | Noticed a tengu warrior
 12248 | D:11     | Noticed a tengu warrior
 12282 | D:12     | HP: 3/129 [raven[a tengu warrior] (5)]
 12284 | D:12     | Slain by a raven

Action                   |  1- 3 |  4- 6 |  7- 9 | 10-12 || total
-------------------------+-------+-------+-------+-------++-------
Melee: Mace              |   167 |   155 |       |       ||   322
       War axe           |       |   187 |   399 |       ||   586
       Flail             |       |       |   270 |   558 ||   828
       Unarmed           |       |       |     2 |       ||     2
  Use: Scroll            |       |       |    20 |     7 ||    27
       Potion            |       |       |     4 |     2 ||     6
 Stab: Confused          |       |       |     1 |       ||     1
  Eat: Bread ration      |     1 |     2 |     1 |     2 ||     6
       Fruit             |       |       |     4 |     1 ||     5
       Royal jelly       |       |       |     2 |       ||     2
       Meat ration       |       |       |     1 |       ||     1
       Beef jerky        |       |       |       |     1 ||     1
